 Dungeon Crawl Stone Soup version 0.30-a0-913-g9934a0c (webtiles) character file.

Game seed: 1422321560299224342

1682 Dorkslayer the Shield-Bearer (level 9, -5/55 HPs)
             Began as a Gargoyle Fighter on Mar 19, 2023.
             Was an Initiate of Okawaru.
             Killed by divine providence
             ... invoked by an orc priest
              (9 damage)
             ... on level 6 of the Dungeon.
             The game lasted 00:14:58 (5803 turns).

Dorkslayer the Shield-Bearer (Gargoyle Fighter)     Turns: 5803, Time: 00:14:59

Health: -5/55      AC: 21    Str: 22    XL:     9   Next: 2%
Magic:  9/9        EV:  7    Int:  9    God:    Okawaru [......]
Gold:   393        SH:  6    Dex: 11    Spells: 8/8 levels left

rFire   . . .      SeeInvis .    a - +2 war axe
rCold   . . .      Faith    .    c - +1 buckler
rNeg    + . .      Spirit   .    q - +1 plate armour
rPois   ∞          Reflect  .    (no helmet)
rElec   +          Rampage  .    d - +0 cloak
rCorr   .                        (no gloves)
Will    .....                    (no boots) Stlth
                                 (no amulet)
HPRegen 0.29/turn                (no ring)
MPRegen 0.11/turn                (no ring)

@: no status effects
A: sickness immunity, AC +6, negative energy resistance 1, electricity
resistance, torment resistance 1, petrification resistance
a: Renounce Religion


You were on level 6 of the Dungeon.
You worshipped Okawaru.
Okawaru was noncommittal.
You visited 2 branches of the dungeon, and saw 7 of its levels.
You also visited: Sewer.

You collected 393 gold pieces.

Inventory:

Hand Weapons
 a - a +2 war axe (weapon)
Armour
 c - a +1 buckler (worn)
 d - a +0 cloak (worn)
 q - a +1 plate armour (worn)
Wands
 j - a wand of flame (16)
Scrolls
 f - a scroll of teleportation
 n - a scroll of fog
Potions
 b - a potion of magic {unknown}
 e - 2 potions of brilliance
 h - 2 potions of lignification
 i - a potion of mutation
 o - a potion of resistance {unknown}
 p - a potion of haste {unknown}


   Skills:
 + Level 5.9 Fighting
 + Level 4.4 Axes
 + Level 5.9 Armour
 * Level 5.2 Dodging
 + Level 6.0 Shields


You had 8 spell levels left.
You didn't know any spells.
Your spell library contained the following spells:

 Spells                   Type           Power      Damage    Failure   Level
 Magic Dart               Conj           0%         1d3       100%        1
 Searing Ray              Conj           0%         2d4       100%        2
 Mephitic Cloud           Conj/Pois/Air  0%         N/A       100%        3
 Fulminant Prism          Conj/Hex       0%         3d5       100%        4
 Call Imp                 Summ           Unusable   N/A       N/A         2

Dungeon Overview and Level Annotations

Branches:
Dungeon (6/15)             Temple (1/1) D:6           Sewer (visited)

Altars:
Ashenzari
Cheibriados
Elyvilon
Fedhas
Hepliaklqana
Kikubaaqudgha
Makhleb
Nemelex Xobeh
Okawaru
Qazlal
Ru
Sif Muna
Uskayaw
Wu Jian
Xom
Yredelemnul
Zin
The Shining One

Shops:
D:4 =

Annotations:
D:6 Blork the orc


Innate Abilities, Weirdness & Mutations

You are immune to sickness and miasma.
Your stone body is resilient. (AC +6)
You are immune to poison.
You resist negative energy. (rN+)
You are resistant to electric shocks. (rElec)
You are resistant to unholy torment.
You are immune to petrification.


Message History

You feel better.
The orc priest hits you but does no damage.
Blork the orc gestures at you while chanting.
The puff of flame hits you.
* * * LOW HITPOINT WARNING * * *
The orc warrior hits you with a +0 trident!
* * * LOW HITPOINT WARNING * * *
You feel better.
Blork the orc screams, "I'll make a cloak from your skin!"
Blork the orc hits you with a +0 mace.
* * * LOW HITPOINT WARNING * * *
You block the orc priest's attack. The orc warrior closely misses you.
Blork the orc hits you but does no damage.
Unknown command.
You hit Blork the orc.
Blork the orc is severely wounded.
You hit the orc warrior but do no damage.
Blork the orc hits you but does no damage.
The orc priest looks encouraged for a moment.
The orc warrior hits you but does no damage.
Blork the orc barely misses you. You block the orc priest's attack.
You hit Blork the orc.
Blork the orc is severely wounded.
You hit the orc warrior.
Blork the orc hits you but does no damage.
You block the orc warrior's attack.
The orc priest mumbles some strange prayers to Beogh against you.
Beogh smites you!
* * * LOW HITPOINT WARNING * * *
Blork the orc casts a spell at you. The magic dart hits you.
* * * LOW HITPOINT WARNING * * *
The orc warrior hits you but does no damage.
You slash Blork the orc!
Blork the orc is almost dead.
You hit the orc warrior.
Blork the orc hits you but does no damage.
The orc priest mumbles some strange prayers to Beogh against you.
Beogh smites you!
You die...

#.##### ####...[#.
#.#.....#### #.##.####.
...........########.##..# #.
.####.####.).....##.###'###.
.... #.......##.#.....#.
#...... #..).......#.#'#.#.
#. .....#o.........'.#>#.'.
.. ._....oo...†.####.###.#.
. ...#.@.....# #.....#.
....#.......# ###+###. ...
#.......# ## .# #.####.## #
... .... #.. ..... #.. ... #
...


You could see Blork the orc (fast), an orc warrior and an orc priest.

Vanquished Creatures
  Sigmund (D:2)
  Eustachio (D:5)
  Menkaure (D:5)
  Duvessa (D:5)
  An orc warrior (D:4)
  A black bear (D:6)
  An ogre (D:5)
  A phantom (D:6)
  A gnoll sergeant (D:5)
  A scorpion (D:5)
  3 wights (D:5)
  Dowan (D:5)
  A howler monkey (D:6)
  A gnoll bouda (D:4)
  A hound (D:5)
  Crazy Yiuf (D:2)
  An orc priest (D:4)
  2 sleepcaps (D:5)
  2 iguanas
  6 gnolls
  11 adders
  8 river rats
  2 worms
  3 dart slugs
  7 orcs
  9 ball pythons
  4 endoplasms
  2 giant cockroaches
  10 goblins
  6 hobgoblins
  4 jackals
  26 kobolds
  3 quokkas
  2 bats
  4 frilled lizards (D:1)
  28 rats
158 creatures vanquished.

Vanquished Creatures (others)
  A fungus (D:6)
1 creature vanquished.

Grand Total: 159 creatures vanquished

Notes
Turn   | Place    | Note
-------+----------+-------------------------------------------
     0 | D:1      | Dorkslayer the Gargoyle Fighter began the quest for the
                  | Orb.
     0 | D:1      | Reached XP level 1. HP: 14/14 MP: 1/1
   143 | D:1      | Reached XP level 2. HP: 12/19 MP: 2/2
   464 | D:1      | Reached skill level 1 in Dodging
   464 | D:1      | Reached XP level 3. HP: 23/23 MP: 3/3
   821 | D:2      | Reached XP level 4. HP: 26/28 MP: 4/4
  1042 | D:2      | Noticed Sigmund
  1059 | D:2      | Killed Sigmund
  1060 | D:2      | Reached skill level 4 in Shields
  1060 | D:2      | Reached XP level 5. HP: 27/33 MP: 5/5
  1060 | D:2      | Reached XP level 6. HP: 32/38 MP: 6/6
  1314 | D:2      | Found a runed translucent door.
  1315 | D:2      | Noticed Crazy Yiuf
  1323 | D:2      | Killed Crazy Yiuf
  1741 | D:3      | Found an ancient bone altar of Kikubaaqudgha.
  1742 | D:3      | Found an ornate altar of the Wu Jian Council.
  2136 | D:3      | Found a white marble altar of Elyvilon.
  2581 | D:3      | Found a snail-covered altar of Cheibriados.
  2776 | D:4      | Found a broken altar of Ashenzari.
  2778 | D:4      | Found a shimmering altar of Xom.
  2778 | D:4      | Found a glowing golden altar of the Shining One.
  2875 | D:4      | Found a glowing drain.
  2887 | Sewer    | Entered a sewer
  3259 | Sewer    | Reached XP level 7. HP: 40/44 MP: 7/7
  3777 | D:4      | Found Mogiraho's Jewellery Shop.
  4124 | D:5      | Entered Level 5 of the Dungeon
  4244 | D:5      | Noticed Menkaure
  4269 | D:5      | Killed Menkaure
  4270 | D:5      | Reached skill level 5 in Fighting
  4270 | D:5      | Reached skill level 5 in Armour
  4270 | D:5      | Reached skill level 5 in Shields
  4270 | D:5      | Reached XP level 8. HP: 30/49 MP: 8/8
  4732 | D:5      | Noticed Eustachio
  4761 | D:5      | Killed Eustachio
  5036 | D:5      | Noticed Duvessa
  5036 | D:5      | Noticed Dowan
  5049 | D:5      | Killed Duvessa
  5049 | D:5      | Killed Dowan
  5671 | D:6      | Found a staircase to the Ecumenical Temple.
  5679 | Temple   | Entered the Ecumenical Temple
  5718 | Temple   | Became a worshipper of Warmaster Okawaru
  5756 | D:6      | Reached skill level 5 in Dodging
  5782 | D:6      | Noticed Blork the orc
  5793 | D:6      | Found a hazy altar of Hepliaklqana.
  5798 | D:6      | Reached skill level 6 in Shields
  5798 | D:6      | Reached XP level 9. HP: 3/55 MP: 9/9
  5803 | D:6      | Killed from afar by an orc priest

Illustrated notes

Levels and vault maps discovered:
D:1:      dpeg_arrival_brainrot, layout_basic, minmay_misc_feat_chi,
          minmay_fountain_box
D:2:      layout_basic, uniq_crazy_yiuf_cottage, uniq_sigmund
D:3:      layout_basic, mainiacjoe_overflow_catwalk_spiral, lemuel_tele_altar,
          cheibriados_altar_1
D:4:      layout_loops_corners, gammafunk_temple_overflow_claw, serial_shops,
          kennysheep_mini_moat, cheibrodos_sewer_entry_sluice, kennysheep_boxes
D:5:      layout_layer_cave, chequers_avenue, water_maze_lemuel, uniq_menkaure,
          uniq_eustachio, uniq_duvessa
D:6:      layout_rooms, old_standard_altar, mainiacjoe_overflow_surrounded_room,
          mainiacjoe_overflow_boulevard, minmay_temple_entry_glassed_door,
          uniq_blork_the_orc, uniq_grinder
Temple:   nicolae_temple_ecumenical_triangle

Skill      XL: |  1  2  3  4  5  6  7  8 |
---------------+-------------------------+-----
Axes           | 2 3 4 |  4.4
Dodging        | 1 2 3 4 5 |  5.2
Fighting       | 4 5 |  5.9
Armour         | 4 5 |  5.9
Shields        | 4 5 6 |  6.0

Action                     |  1- 3 |  4- 6 |  7- 9 || total
---------------------------+-------+-------+-------++-------
  Melee: War axe           |    87 |   177 |   191 ||   455
  Evoke: Wand              |       |       |     1 ||     1
    Use: Scroll            |     4 |     9 |     3 ||    16
         Potion            |       |     1 |     7 ||     8
 Armour: Scale mail        |    56 |    73 |       ||   129
         Chain mail        |       |    60 |    20 ||    80
         Plate armour      |       |       |   127 ||   127
  Dodge: Dodged            |    34 |   100 |    81 ||   215
  Block: Buckler           |    33 |    66 |    65 ||   164

Table legend: (Time is in decaauts)
 A = Elapsed time spent in this place.
 B = Non-inter-level travel time spent in this place.
 C = Inter-level travel time spent in this place.
 D = Time resting spent in this place.
 E = Time spent auto-exploring this place.
 F = Levels seen in this place.
 G = Mean time per level.
                   A        B        C        D        E       F      G
               +--------+--------+--------+--------+--------+-----+--------+
         Total |   5987 |   5987 |      0 |      0 |   3517 |   8 |  748.4 |
       Dungeon |   5453 |   5453 |      0 |      0 |   3423 |   6 |  908.8 |
        Temple |     46 |     46 |      0 |      0 |      0 |   1 |   46.0 |
         Sewer |    487 |    487 |      0 |      0 |     93 |   1 |  487.0 |
               +--------+--------+--------+--------+--------+-----+--------+

Top non-repeatable levels by time:
     D:5: 1541 daAuts
     D:4: 1086 daAuts
     D:3: 995 daAuts
     D:2: 921 daAuts
     D:1: 769 daAuts
   Sewer: 487 daAuts
     D:6: 138 daAuts
  Temple: 46 daAuts
